 Dungeon Crawl Stone Soup version 0.18.1-5-g4a78601 (webtiles) character file.

174 Hipnos the Covered (level 5, -6/47 HPs)
             Began as a Hill Orc Fighter on May 14, 2016.
             Was an Initiate of Trog.
             Killed by divine providence
             ... invoked by an orc priest
              (12 damage)
             ... on level 4 of the Dungeon.
             The game lasted 00:07:32 (3175 turns).

Hipnos the Covered (Hill Orc Fighter)               Turns: 3175, Time: 00:07:33

Health: -6/47      AC: 10    Str: 25    XL:     5   Next: 54%
Magic:  14/14      EV:  6    Int:  8    God:    Trog [......]
Gold:   186        SH: 10    Dex: 10    Spells: 0 memorised, 4 levels left

rFire  . . .     SeeInvis .     a - +0 long sword
rCold  . . .     Gourm    .     h - +0 chain mail
rNeg   . . .     Faith    .     c - +0 shield
rPois  .         Spirit   .     A - +1 hat
rElec  .         Dismiss  .     (no cloak)
rCorr  .         Reflect  .     (no gloves)
SustAt .         Harm     +     (no boots)
MR     .....     Rnd*Tele +     t - amulet of harm
Stlth  ..........               y - ring of teleportation (curse)
                                l - ring of magical power

@: mighty, not resistant to hostile enchantments, extremely unstealthy
A: no striking features
a: Burn Spellbooks, Renounce Religion, Convert to Beogh


You were on level 4 of the Dungeon.
You worshipped Trog.
Trog was noncommittal.
You were not hungry.

You visited 2 branches of the dungeon, and saw 5 of its levels.

You collected 186 gold pieces.

Inventory:

Hand Weapons
 a - a +0 long sword (weapon)
Armour
 c - a +0 shield (worn)
 h - a +0 chain mail (worn)
 A - a +1 hat (worn)
Jewellery
 l - a ring of magical power (left hand)
 t - an amulet of harm (around neck)
 y - a cursed ring of teleportation (right hand)
Wands
 v - a wand of polymorph (14/24)
 B - a wand of random effects (42/48)
Scrolls
 b - a scroll of blinking {unknown}
 e - 2 scrolls of magic mapping {unknown}
 g - 3 scrolls of amnesia {unknown}
 j - a scroll of random uselessness {unknown}
 m - 4 scrolls of identify {unknown}
 r - 2 scrolls of remove curse {unknown}
 s - 2 scrolls of teleportation {unknown}
 u - 2 scrolls of recharging {unknown}
Potions
 d - a potion of might
 i - a potion of resistance {unknown}
 k - a potion of heal wounds
 q - a potion of haste {unknown}
 w - a potion of curing {unknown}
 x - a potion of cure mutation {unknown}
 z - a potion of mutation {unknown}
Comestibles
 f - 3 bread rations
 n - 3 beef jerkies
 o - a chunk of flesh
 p - 3 meat rations


   Skills:
 + Level 4.4 Fighting
 + Level 3.1 Long Blades
 + Level 4.7 Armour
 + Level 0.7 Dodging
 + Level 4.3 Shields


You had 4 spell levels left.
You didn't know any spells.

Dungeon Overview and Level Annotations

Branches:
Dungeon (4/15)             Temple (1/1) D:4

Altars:
Ashenzari
Cheibriados
Dithmenos
Elyvilon
Fedhas
Gozag
Kikubaaqudgha
Makhleb
Okawaru
Pakellas
Qazlal
Ru
Sif Muna
Trog
Vehumet
Xom
Zin
The Shining One


Message History

Drink which item? (? for menu, Esc to quit)
You feel very mighty all of a sudden.
The orc wizard hits you but does no damage.
You block the orc priest's attack.
The orc wizard gestures at you while chanting.
You block the puff of flame.
The orc priest shouts, "Join the one true god or die!"
You closely miss the orc priest.
The orc priest is heavily wounded.
You block the orc wizard's attack. You block the orc priest's attack.
The orc wizard hits you but does no damage.
You slash the orc priest!
The orc priest is almost dead.
The orc priest invokes the aid of Beogh against you.
Pain shoots through your body!
* * * LOW HITPOINT WARNING * * *
You block the orc wizard's attack.
The orc priest mumbles some strange prayers to Beogh against you.
Beogh smites you!
You die...

.............#### #.#.#
####..#(####..# #.#.# #..#.#
#..# ####.#.# #..#.# #..#
#......# #..#.# #).#
#.##.#.#
#..#.####..#####.##.#.#
.....................#
##.....oo.........###
...#############@######.#..#
.....†..........o# #.#..#
...############### #.#..#
##.#..# ##.....# ##......#
#.......# #.......#
#.#...#.##


You could see an orc priest, an orc wizard and an orc.

Vanquished Creatures
  A worker ant (D:4)
  A howler monkey skeleton (D:4)
  4 adders
  2 oozes
  An adder skeleton (D:4)
  4 worms
  2 dart slugs (D:2)
  A giant gecko (D:4)
  4 orcs (D:4)
  3 giant cockroaches (D:4)
  9 goblins
  8 hobgoblins
  12 jackals
  A quokka (D:4)
  A ball python (D:3)
  6 bats
  A giant newt (D:3)
  5 kobolds
  7 rats
  A fungus (D:1)
74 creatures vanquished.

Notes
Turn   | Place    | Note
--------------------------------------------------------------
     0 | D:1      | Hipnos the Hill Orc Fighter began the quest for the Orb.
     0 | D:1      | Reached XP level 1. HP: 19/19 MP: 1/1
   245 | D:1      | Reached XP level 2. HP: 27/27 MP: 2/2
   808 | D:1      | Reached XP level 3. HP: 29/33 MP: 3/3
  1452 | D:2      | Reached XP level 4. HP: 32/40 MP: 4/4
  2765 | D:4      | Reached XP level 5. HP: 46/46 MP: 5/5
  2961 | D:4      | Found a staircase to the Ecumenical Temple.
  2970 | Temple   | Entered the Ecumenical Temple
  3041 | Temple   | Became a worshipper of Trog the Wrathful
  3175 | D:4      | Killed from afar by an orc priest

Skill      XL: |  1  2  3  4 |
---------------+-------------+-----
Armour         | 4 |  4.7
Fighting       | 4 |  4.4
Shields        | 4 |  4.3
Long Blades    | 3 |  3.1
Dodging        | |  0.7

Action                   |  1- 3 |  4- 6 || total
-------------------------+-------+-------++-------
Melee: Long sword        |   157 |   153 ||   310
  Use: Potion            |       |     2 ||     2
  Eat: Chunk             |     2 |     3 ||     5
       Royal jelly       |       |     1 ||     1
       Fruit             |       |     1 ||     1
Armor: Chain mail        |   160 |    79 ||   239
Dodge: Dodged            |    56 |    45 ||   101
Block: Shield            |   109 |   100 ||   209
